 Dungeon Crawl Stone Soup version 0.31.0-32-g396128a36d (webtiles) character file.

Game seed: 13290447720440148285

15135 tizbic2 the Nimble (level 11, -6/90 HPs)
             Began as a Minotaur Gladiator on Apr 17, 2024.
             Was a High Priest of Ru.
             Mangled by a vampire knight
             ... wielding a +0 great mace
              (28 damage)
             ... on level 12 of the Dungeon.
             The game lasted 00:39:16 (9449 turns).

tizbic2 the Nimble (Minotaur Gladiator)             Turns: 9449, Time: 00:39:16

Health: -6/90      AC: 22    Str: 19    XL:     11   Next: 97%
Magic:  10/10      EV: 14    Int: 10    God:    Ru [*****.]
Gold:   581        SH:  0    Dex: 26    Spells: 10/10 levels left

rFire   + + .        S - +6 spear of Waequrai {freeze, rF+}
rCold   x . .        (no shield)
rNeg    + + .        Y - +5 plate armour of Surprise {*Slow rN++ rCorr Stlth+}
rPois   +            p - +2 hat
rElec   .            (no cloak)
rCorr   +            (no gloves)
SInv    .            C - +1 pair of boots
Will    +....        T - amulet of the acrobat Stlth
                     l - ring of Parhaed {Fire ^Contam rPois Will+ Int+5 Dex+4}
HPRegen 0.35/turn    M - +6 ring of dexterity
MPRegen 0.12/turn

%: slow self (1%), acrobat
@: mighty
A: horns 2, frail 1, inability to use devices, no fire magic, no hexes magic, no
summoning magic, retaliatory headbutt
a: Renounce Religion, Draw Out Power, Power Leap, Apocalypse


You were on level 12 of the Dungeon.
You worshipped Ru.
Ru was extremely pleased with you.
You visited 2 branches of the dungeon, and saw 13 of its levels.
You also visited: Bailey.

You collected 671 gold pieces.
You spent 90 gold pieces at shops.

Inventory:

Hand Weapons
 a - a +2 quarterstaff
 k - a +0 glaive
 v - a +2 sling of freezing
 D - a +3 war axe
 I - a +2 trident of protection
 J - a +3 great sword
 P - a +0 battleaxe
 S - the +6 spear of Waequrai (weapon) {freeze, rF+}
   (You found it on level 10 of the Dungeon)

   rF+:       It protects you from fire.
 U - a +1 morningstar of protection
Missiles
 d - 4 throwing nets
 e - a javelin
 n - 4 datura-tipped darts
 E - 13 boomerangs (quivered)
 Q - 3 curare-tipped darts
 W - 5 poisoned darts
Armour
 g - a +0 troll leather armour
 p - a +2 hat (worn)
 C - a +1 pair of boots (worn)
 H - a +0 plate armour
 N - a +2 ring mail of cold resistance
 V - the +1 robe "Jaekhluu" {Str+4 SInv}
   (You found it on level 10 of the Dungeon)

   Str+4:     It affects your strength (+4).
   SInv:      It lets you see invisible.
 Y - the +5 plate armour of Surprise (worn) {*Slow rN++ rCorr Stlth+}
   (You found it on level 11 of the Dungeon)

   rN++:      It greatly protects you from negative energy.
   rCorr:     It protects you from acid and corrosion.
   *Slow:     It may slow you when you take damage.
   Stlth+:    It makes you more stealthy.
Jewellery
 c - an amulet of guardian spirit
 j - an amulet of magic regeneration
 l - the ring of Parhaed (left hand) {Fire ^Contam rPois Will+ Int+5 Dex+4}
   (You found it on level 10 of the Dungeon)

   [ring of fire]

   Fire:      It enhances your fire magic.
   Int+5:     It affects your intelligence (+5).
   Dex+4:     It affects your dexterity (+4).
   rF+:       It protects you from fire.
   rC-:       It makes you vulnerable to cold.
   rPois:     It protects you from poison Will+: It increases your willpower.
   ^Contam:   It causes magical contamination when unequipped.
 s - a ring of protection from fire
 x - a ring of willpower
 F - a +6 ring of strength
 M - a +6 ring of dexterity (right hand)
 T - an amulet of the acrobat (around neck)
Wands
 r - a wand of flame (49)
 w - a wand of polymorph (4)
 A - a wand of roots (1)
 K - a wand of charming (13)
Scrolls
 h - 2 scrolls of immolation
 m - 3 scrolls of poison
 y - a scroll of torment
 O - a scroll of fog
 R - a scroll of blinking
 X - a scroll of amnesia
Potions
 b - 3 potions of enlightenment
 f - 5 potions of resistance
 i - 4 potions of curing
 o - 2 potions of ambrosia
 q - a potion of mutation
 t - 2 potions of attraction
 u - 6 potions of brilliance
 z - 3 potions of might
 B - 2 potions of cancellation
 G - a potion of invisibility
 L - 3 potions of haste {unknown}
 Z - 2 potions of degeneration {unknown}


   Skills:
 + Level 10.6 Fighting
 * Level 2.1(7.2) Polearms
 - Level 10.8(10.9) Staves
 + Level 8.1 Throwing
 * Level 6.3 Armour
 + Level 13.5 Dodging


You had 10 spell levels left.
You didn't know any spells.
Your spell library contained the following spells:

 Spells                   Type           Power      Damage    Failure   Level
 Cigotuvi's Dreadful Rot  Necr/Alch/Air  0%         N/A       100%        2
 Animate Dead             Necr           0%         N/A       100%        4
 Dispel Undead            Necr           0%         3d6       100%        4
 Leda's Liquefaction      Alch/Erth      0%         N/A       100%        4
 Lee's Rapid Deconstruct  Erth           0%         3d4*      100%        5
 Bombard                  Conj/Erth      0%         9d1       100%        6
 Death Channel            Necr           0%         N/A       100%        6
 Eringya's Noxious Bog    Alch           0%         4d6       100%        6
 Orb of Destruction       Conj           0%         9d5       100%        7
 Infestation              Necr           0%         N/A       100%        8
 Martyr's Knell           Necr/Summ      Unusable   N/A       N/A         4
 Summon Blazeheart Golem  Fire/Summ      Unusable   N/A       N/A         4
 Summon Forest            Summ/Tloc      Unusable   N/A       N/A         5
 Haunt                    Necr/Summ      Unusable   N/A       N/A         7
 Spellforged Servitor     Conj/Summ      Unusable   N/A       N/A         7
 Summon Hydra             Summ           Unusable   N/A       N/A         7

Dungeon Overview and Level Annotations

Branches:
Dungeon (12/15)            Temple (1/1) D:4            Lair (0/5) D:9
    Orc (0/2) D:9          Bailey (visited)

Altars:
Ashenzari
Cheibriados
Dithmenos
Elyvilon
Fedhas
Gozag
Hepliaklqana
Kikubaaqudgha
Makhleb
Nemelex Xobeh
Okawaru
Qazlal
Ru
Sif Muna
Trog
Uskayaw
Vehumet
Wu Jian
Xom
Yredelemnul
Zin
The Shining One

Shops:
D:1 (   D:2 :

Annotations:
D:6 3 runed translucent doors, markshark's ghost, novice TrBe


Innate Abilities, Weirdness & Mutations

You have a pair of horns on your head.
You are frail. (-10% HP)
You cannot study or use magical devices.
You cannot study or cast Fire magic.
You cannot study or cast Hexes magic.
You cannot study or cast Summoning magic.
You reflexively headbutt those who attack you in melee.


Message History

The ettin hits you with a +1 dire flail of venom.
You hit the ettin. You freeze the ettin.
You headbutt the ettin, but do no damage.
The ettin is heavily wounded.
You hit the ettin. You freeze the ettin.
The ettin is severely wounded.
The ettin is stunned by your conviction and fails to attack.
The vampire knight begins to cast a spell, but is stunned by your conviction!
You hit the ettin. You freeze the ettin.
The ettin is severely wounded.
The ettin is stunned by your conviction and fails to attack.
You hit the ettin but do no damage.
The ettin is severely wounded.
The ettin hits you with a +0 dire flail!
The ettin barely misses you.
You hit the ettin but do no damage. You punch the ettin, but do no damage.
The ettin is severely wounded.
The vampire knight gestures wildly while chanting.
The vampire knight flickers and vanishes!
Deactivating autopickup; reactivate with Ctrl-A.
You hit the ettin. You freeze the ettin.
The ettin is severely wounded.
You redirect the ettin's attack!
The ettin hits itself with a +0 dire flail!!
The ettin dies!
Your base Polearms skill increases to level 2!
You hit something but do no damage. Something hits you.
Something bites you but does no damage.
You miss something.
You hear some strange, mumbled words.
Something tries to affect you, but you resist.
You hit something. You freeze something. You headbutt something.
Something hits you!!
* * * LOW HITPOINT WARNING * * *
You focus your inner power and illuminate something in retribution!
The vampire knight bites you.
* * * LOW HITPOINT WARNING * * *
You feel very mighty all of a sudden.
The vampire knight hits you with a +0 great mace!!
You die...

# # #. .#
#..#####..#
#......)# #.## ###
.## #.#@## #.. ..
#.#V#.###.# .## .#
#.##.##.##.###..##..
#.# ||
##.#..#..^..... ...
.)# #............#
..# ##[)
#.#.........# ## ##.
#.##........####
###.# #............
#.# #............


You could see a vampire knight (fast, invisible, corona).

Vanquished Creatures
  2 vault guards (Bailey)
  Harold (D:11)
  3 two-headed ogres
  The ghost of tdove the Geomancer, a novice OpEE (D:10)
  Pikel (D:7)
  A cyclops (D:8)
  3 trolls
  Prince Ribbit (Bailey)
  2 centaur simulacra (D:10)
  Sigmund (D:4)
  13 yaks
  8 humans (Bailey)
  A wraith (D:9)
  2 steam dragons (D:9)
  Duvessa (D:6)
  A sky beast (D:8)
  9 orc warriors
  3 ice beasts (D:10)
  2 centaurs
  An ogre (D:4)
  3 kobold brigands
  14 bullfrogs
  4 scorpions
  10 wights (D:7)
  Dowan (D:6)
  3 killer bees (D:11)
  5 howler monkeys
  2 electric eels (D:8)
  3 bombardier beetles
  2 hounds
  9 orc priests
  3 jellies
  A sleepcap (D:5)
  5 iguanas
  Ijyb (D:3)
  12 orc wizards
  12 adders
  4 gnolls
  A shadow imp (D:5)
  5 white imps
  4 dart slugs
  A ribbon worm (D:4)
  49 orcs
  8 endoplasms
  3 giant cockroaches
  11 goblins
  3 hobgoblins
  10 jackals
  3 quokkas
  4 ball pythons
  A bat (D:1)
  3 frilled lizards
  18 kobolds
  2 rats
277 creatures vanquished.

Vanquished Creatures (others)
  An ettin (D:12)
1 creature vanquished.

Grand Total: 278 creatures vanquished

Notes
Turn   | Place    | Note
-------+----------+-------------------------------------------
     0 | D:1      | tizbic2 the Minotaur Gladiator began the quest for the Orb.
     0 | D:1      | Reached XP level 1. HP: 18/18 MP: 0/0
   159 | D:1      | Found Wuum's Antique Weapon Shoppe.
   287 | D:1      | Reached XP level 2. HP: 25/25 MP: 1/1
   425 | D:2      | Reached skill level 4 in Dodging
   540 | D:2      | Reached XP level 3. HP: 31/31 MP: 2/2
   697 | D:2      | Found Debrula's Vocational Training.
  1064 | D:3      | Reached XP level 4. HP: 38/38 MP: 3/3
  1241 | D:3      | Found a faded altar of an unknown god.
  1254 | D:3      | Found a hazy altar of Hepliaklqana.
  1318 | D:3      | Noticed Ijyb
  1331 | D:3      | Killed Ijyb
  1332 | D:3      | Reached skill level 5 in Dodging
  1332 | D:3      | Reached XP level 5. HP: 6/46 MP: 4/4
  1680 | D:3      | Reached skill level 5 in Staves
  1966 | D:4      | Noticed an ogre
  1974 | D:4      | Killed an ogre
  1975 | D:4      | Reached XP level 6. HP: 53/53 MP: 5/5
  2020 | D:4      | Reached skill level 6 in Dodging
  2027 | D:4      | Noticed Sigmund
  2038 | D:4      | HP: 1/53 [Sigmund/+0 scythe (15)]
  2048 | D:4      | Killed Sigmund
  2241 | D:4      | Reached XP level 7. HP: 60/60 MP: 6/6
  2263 | D:4      | Reached skill level 5 in Fighting
  2677 | D:4      | Found a staircase to the Ecumenical Temple.
  2704 | Temple   | Entered the Ecumenical Temple
  2711 | Temple   | Became a worshipper of Ru the Awakened
  2762 | D:5      | Entered Level 5 of the Dungeon
  2772 | D:5      | Reached skill level 7 in Dodging
  3475 | D:6      | Reached XP level 8. HP: 70/70 MP: 7/7
  3571 | D:6      | Reached skill level 8 in Dodging
  3573 | D:6      | Found a runed translucent gate.
  3575 | D:6      | Found a runed translucent gate.
  3575 | D:6      | Noticed markshark's ghost (novice TrBe)
  3576 | D:6      | Found a runed translucent gate.
  3892 | D:6      | Noticed Duvessa
  3893 | D:6      | Noticed Dowan
  3903 | D:6      | Killed Duvessa
  3909 | D:6      | Killed Dowan
  4250 | D:7      | Gained mutation: You cannot study or cast Fire magic. [Ru
                  | sacrifice]
  4250 | D:7      | Gained mutation: You cannot study or cast Hexes magic. [Ru
                  | sacrifice]
  4250 | D:7      | Gained mutation: You cannot study or cast Summoning magic.
                  | [Ru sacrifice]
  4250 | D:7      | Reached * piety under Ru
  4266 | D:7      | Reached skill level 9 in Dodging
  4279 | D:7      | Reached XP level 9. HP: 43/77 MP: 8/8
  4472 | D:7      | Reached skill level 5 in Throwing
  4707 | D:7      | Noticed Pikel
  4714 | D:7      | Killed Pikel
  4715 | D:7      | Reached skill level 10 in Dodging
  4802 | D:8      | Noticed a two-headed ogre
  4806 | D:8      | Killed a two-headed ogre
  5260 | D:8      | Found Zin's Purification Station.
  5261 | D:8      | Found a glowing silver altar of Zin.
  5267 | D:8      | Bought a potion of curing for 90 gold pieces
  5674 | D:8      | Found a shimmering altar of Xom.
  5674 | D:8      | Found an ornate altar of the Wu Jian Council.
  5876 | D:8      | Noticed a cyclops
  5888 | D:8      | Killed a cyclops
  5889 | D:8      | Reached XP level 10. HP: 54/90 MP: 9/9
  6350 | D:9      | Reached skill level 11 in Dodging
  6446 | D:9      | Found a staircase to the Orcish Mines.
  6531 | D:9      | Gained mutation: You are frail. (-10% HP) [Ru sacrifice]
  6531 | D:9      | Reached ** piety under Ru
  6553 | D:9      | Reached skill level 1 in Armour
  6902 | D:9      | Found a staircase to the Lair.
  7254 | D:9      | Found an ancient bone altar of Kikubaaqudgha.
  7257 | D:9      | Found an opulent altar of Gozag.
  7261 | D:9      | Found a sparkling altar of Nemelex Xobeh.
  7347 | D:10     | Entered Level 10 of the Dungeon
  7509 | D:10     | Found a flagged portal.
  7567 | Bailey   | Entered a bailey
  7611 | Bailey   | Reached skill level 12 in Dodging
  7713 | Bailey   | Reached XP level 11. HP: 77/87 MP: 7/10
  7747 | Bailey   | Noticed a vault guard
  7747 | Bailey   | Noticed Prince Ribbit
  7764 | Bailey   | Killed a vault guard
  7765 | Bailey   | Reached skill level 10 in Staves
  7830 | Bailey   | Killed Prince Ribbit
  7882 | Bailey   | Noticed a vault guard
  7898 | Bailey   | Killed a vault guard
  8046 | D:10     | Found a runed translucent gate.
  8046 | D:10     | Found a runed translucent gate.
  8046 | D:10     | Found a runed translucent gate.
  8079 | D:10     | Noticed tdove's ghost (novice OpEE)
  8095 | D:10     | Killed tdove's ghost
  8096 | D:10     | Reached skill level 10 in Fighting
  8104 | D:10     | Got the ring of Parhaed {Fire ^Contam rPois Will+ Int+5
                  | Dex+4}
  8108 | D:10     | Identified the +6 spear of Waequrai {freeze, rF+}
  8163 | D:10     | Found a shimmering blue altar of Sif Muna.
  8239 | D:10     | Reached skill level 5 in Armour
  8301 | D:10     | Gained mutation: You cannot study or use magical devices.
                  | [Ru sacrifice]
  8301 | D:10     | Reached *** piety under Ru
  8301 | D:10     | Reached **** piety under Ru
  8301 | D:10     | Reached ***** piety under Ru
  8333 | D:10     | Found a glowing golden altar of the Shining One.
  8344 | D:10     | Identified the +1 robe "Jaekhluu" {Str+4 SInv}
  8439 | D:11     | Noticed Harold
  8456 | D:11     | Killed Harold
  8457 | D:11     | Reached skill level 13 in Dodging
  8925 | D:11     | Noticed a two-headed ogre
  8933 | D:11     | Killed a two-headed ogre
  8981 | D:11     | Identified the +5 plate armour of Surprise {*Slow rN++
                  | rCorr Stlth+}
  9022 | D:11     | Found a sacrificial altar of Ru.
  9211 | D:11     | Noticed a two-headed ogre
  9221 | D:11     | Killed a two-headed ogre
  9222 | D:11     | Reached skill level 1 in Polearms
  9433 | D:12     | Noticed an ettin
  9435 | D:12     | Noticed a vampire knight
  9445 | D:12     | Killed an ettin
  9449 | D:12     | Mangled by a vampire knight

Illustrated notes

Levels and vault maps discovered:
D:1:      minmay_arrival_diagonal_passages, layout_basic, serial_shops,
          nicolae_diamond_shop
D:2:      layout_basic, chequers_avenue, st_stairs_5,
          chequers_serial_rivers_small_a, serial_bayou_pond_d,
          nicolae_shop_vocational
D:3:      layout_basic, mainiacjoe_overflow_paths,
          ebering_ecumenical_altar_rust, uniq_ijyb
D:4:      layout_loops_ring, minmay_temple_entry_statues_fountains,
          columned_hall_lemuel, ebering_dispersal_statue_hall, uniq_sigmund
D:5:      layout_basic, grunt_decor_junction, nicolae_shop_firing_range
D:6:      layout_basic, gammafunk_ghost_split, uniq_duvessa
D:7:      layout_rooms, uniq_pikel
D:8:      layout_basic, zin_purify, nicolae_overflow_squiral
D:9:      layout_stronghold, grunt_temple_overflow_diamond, lair_entry_dummy,
          orc_0_dummy, minivault_14, lightli_orcish_oven
D:10:     layout_irregular_city, mainiacjoe_overflow_catwalk,
          mainiacjoe_overflow_24_doors, enter_bailey_5, gammafunk_ghost_icy
D:11:     layout_cave_pods, nicolae_ru_awakened_eye, uniq_harold
D:12:     minmay_the_grid_net [minmay_the_grid_all_tris,
          minmay_the_grid_tri_star, minmay_the_grid_doors,
          minmay_the_grid_empty, minmay_the_grid_dragon_b,
          minmay_the_grid_prize_diamond_cup], layout_layer_cave
Temple:   nicolae_temple_ecumenical_triangle

Skill      XL: |  1  2  3  4  5  6  7  8  9 10 11 |
---------------+----------------------------------+-----
Staves         | 4 5 6 7 8 9 10 | 10.8
Dodging        | 4 5 6 7 9 10 12 13 | 13.5
Fighting       | 3 4 5 6 8 9 10 | 10.6
Throwing       | 3 4 6 7 8 |  8.1
Armour         | 3 6 |  6.3
Polearms       | 2 |  2.1

Action                     |  1- 3 |  4- 6 |  7- 9 | 10-12 || total
---------------------------+-------+-------+-------+-------++-------
  Melee: Quarterstaff      |     6 |    28 |       |   230 ||   264
         Glaive            |    46 |    13 |       |       ||    59
         Headbutt          |     9 |     7 |    49 |    94 ||   159
         Flail             |       |    32 |    70 |       ||   102
         Punch             |       |     1 |     1 |     1 ||     3
         War axe           |       |       |    38 |       ||    38
         Trident           |       |       |    68 |    16 ||    84
         Great sword       |       |       |    62 |       ||    62
         Spear             |       |       |       |    98 ||    98
         Battleaxe         |       |       |       |     6 ||     6
  Throw: Throwing net      |       |     4 |       |       ||     4
         Dart              |       |     3 |       |       ||     3
         Boomerang         |       |       |    14 |     2 ||    16
 Invoke: Sacrifice Arcana  |       |       |     1 |       ||     1
         Sacrifice Health  |       |       |       |     1 ||     1
         Power Leap        |       |       |       |     2 ||     2
         Sacrifice Artific |       |       |       |     1 ||     1
  Evoke: Wand              |       |       |     1 |       ||     1
    Use: Scroll            |       |     1 |    14 |    14 ||    29
         Potion            |       |     1 |       |     1 ||     2
   Stab: Held in net/web   |       |     1 |       |       ||     1
         Distracted        |       |       |       |     2 ||     2
         Invisible         |       |       |       |     1 ||     1
 Armour: Ring mail         |    36 |    37 |   166 |    37 ||   276
         Troll leather arm |       |       |       |   108 ||   108
         Plate armour      |       |       |       |    19 ||    19
         Robe              |       |       |       |    10 ||    10
  Dodge: Dodged            |    36 |    54 |   156 |   349 ||   595
